 Dungeon Crawl Stone Soup version 0.32-a0-938-g40ac7a0f4d (webtiles) character file.

Game seed: 18249604237570990536

79 uglyjohn the Chopper (level 4, 0/40 HPs)
             Began as a Mountain Dwarf Fighter on Apr 15, 2024.
             Slain by a hobgoblin (2 damage)
             ... led by Robin
             ... on level 2 of the Dungeon.
             The game lasted 00:02:57 (857 turns).

uglyjohn the Chopper (Mountain Dwarf Fighter)        Turns: 857, Time: 00:02:58

Health: 0/40       AC:  8    Str: 21    XL:     4   Next: 16%
Magic:  4/4        EV:  8    Int:  8    God:
Gold:   42         SH:  4    Dex:  9    Spells: 3/3 levels left

rFire   . . .        a - +0 war axe
rCold   . . .        c - +0 buckler
rNeg    . . .        b - +0 scale mail
rPois   .            g - +0 helmet
rElec   .            (no cloak)
rCorr   .            (no gloves)
SInv    .            (no boots)
Will    +....        (no amulet) Stlth
                     (no ring)
HPRegen 0.26/turn    (no ring)
MPRegen 0.09/turn

%: no passive effects
@: brilliant, enlightened, flying
A: runic magic, artefact enchanting
a: no special abilities


You were on level 2 of the Dungeon.
You visited 1 branch of the dungeon, and saw 2 of its levels.

You collected 42 gold pieces.

Inventory:

Hand Weapons
 a - a +0 war axe (weapon)
Armour
 b - a +0 scale mail (worn)
 c - a +0 buckler (worn)
 g - a +0 helmet (worn)
Scrolls
 e - a scroll of poison {unknown}
 f - a scroll of teleportation {unknown}
Potions
 d - a potion of might
 h - a potion of enlightenment
 i - a potion of brilliance


   Skills:
 + Level 3.8 Fighting
 * Level 3.9 Axes
 + Level 3.8 Armour
 + Level 3.8 Shields


You had 3 spell levels left.
You didn't know any spells.
Your spell library contained the following spells:

 Spells                   Type           Power      Damage    Failure   Level
 Slow                     Hex            0%         N/A       56%         1
 Confusing Touch          Hex            0%         N/A       90%         3
 Vampiric Draining        Necr           0%         2d6       90%         3


Dungeon Overview and Level Annotations

Branches:
Dungeon (2/15)

Altars:

Shops:
D:1 *   D:2 *


Innate Abilities, Weirdness & Mutations

Your spellcasting is much less encumbered by armour.
You can use scrolls of enchantment on lesser artefacts.


Message History

You kill the hobgoblin!
You closely miss the goblin. The goblin hits you but does no damage.
Robin hits you but does no damage.
You hit Robin.
Robin is lightly wounded.
You closely miss the goblin. The goblin hits you but does no damage.
Robin roars a battlecry!
The goblins go into a battle-frenzy!
Unknown command.
You barely miss Robin.
Robin is lightly wounded.
You closely miss the goblin. The goblin hits you but does no damage.
Robin hits you but does no damage. The goblin hits you with a +0 dagger.
* * * LOW HITPOINT WARNING * * *
Unknown command.
You barely miss Robin.
Robin is lightly wounded.
You completely miss the goblin. Robin hits you but does no damage.
You block the goblin's attack. Robin hits you with a +0 dagger.
* * * LOW HITPOINT WARNING * * *
You hit Robin.
Robin is moderately wounded.
You hit the goblin. You block the goblin's attack.
Robin says, "Kneel, worm!"
Robin completely misses you.
You hit Robin.
Robin is heavily wounded.
You slash the goblin!
You kill the goblin!
Robin says, "Feeling lonely?"
Robin hits you but does no damage.
You have reached level 4!
You feel stronger.
You slash Robin!
You kill Robin!
The hobgoblin hits you but does no damage.
You hit the hobgoblin.
The hobgoblin is almost dead.
The hobgoblin hits you.
You die...

#. .#. .. #. ∩. .# #.
#.#g.#. #......
#.#...#... #......#
#......... #......#
###........
#......###
#....####<.
#........# #g##.#
.......#.# ####@# .#
......(..####..).#..#
..............####.##
......†..######....##
...###.)## #....... .
#..#####.#..##.#
#........†.....#
#.###.#..#######
#.##...†## ##########


You could see a hobgoblin (strong).

Vanquished Creatures
  Robin (D:2)
  2 adders (D:2)
  2 dart slugs
  A ribbon worm (D:2)
  A ball python (D:2)
  3 bats
  5 endoplasms
  13 goblins
  5 hobgoblins
  2 kobolds
  2 quokkas
  A frilled lizard (D:1)
38 creatures vanquished.

Notes
Turn   | Place    | Note
-------+----------+-------------------------------------------
     0 | D:1      | uglyjohn the Mountain Dwarf Fighter began the quest for the
                  | Orb.
     0 | D:1      | Reached XP level 1. HP: 19/19 MP: 1/1
   143 | D:1      | Found Ladaz's General Store.
   178 | D:1      | Reached XP level 2. HP: 26/26 MP: 2/2
   256 | D:1      | Found a faded altar of an unknown god.
   617 | D:2      | Reached XP level 3. HP: 24/31 MP: 3/3
   823 | D:2      | Found Lour's General Store.
   826 | D:2      | Noticed Robin
   849 | D:2      | HP: 1/33 [goblin/+0 dagger[Robin] (3)]
   856 | D:2      | Reached XP level 4. HP: 2/40 MP: 4/4
   856 | D:2      | Killed Robin
   857 | D:2      | Slain by a hobgoblin

Illustrated notes

Levels and vault maps discovered:
D:1:      wander_arrival_desolate, layout_rooms, serial_shops, shop,
          shapermc_ecumenical_altar_flowoftime,
          nicolae_concentric_dashed_squares_mild, minmay_misc_feat_five,
          minmay_surrounded
D:2:      layout_rooms, serial_shops, nicolae_shop_advertising_works
          [nicolae_subvault_shop_adworks], uniq_crazy_yiuf_cottage, uniq_robin

Skill      XL: |  1  2 |
---------------+-------+-----
Axes           | 3 |  3.9
Fighting       | |  3.8
Armour         | |  3.8
Shields        | |  3.8

Action                     |  1- 3 |  4- 6 || total
---------------------------+-------+-------++-------
  Melee: War axe           |   110 |     2 ||   112
    Use: Potion            |     2 |       ||     2
 Armour: Scale mail        |    97 |     2 ||    99
  Dodge: Dodged            |    54 |       ||    54
  Block: Buckler           |    27 |       ||    27

Table legend: (Time is in decaauts)
 A = Elapsed time spent in this place.
 B = Non-inter-level travel time spent in this place.
 C = Inter-level travel time spent in this place.
 D = Time resting spent in this place.
 E = Time spent auto-exploring this place.
 F = Levels seen in this place.
 G = Mean time per level.
                   A        B        C        D        E       F      G
               +--------+--------+--------+--------+--------+-----+--------+
         Total |    898 |    871 |     27 |     57 |    541 |   2 |  449.0 |
       Dungeon |    898 |    871 |     27 |     57 |    541 |   2 |  449.0 |
               +--------+--------+--------+--------+--------+-----+--------+

Top non-repeatable levels by time:
     D:1: 614 daAuts
     D:2: 284 daAuts
